cohdb
Replays
Latest Replays
All Replays
Popular Replays
Top Player Replays
Match Explorer
How It Works
Community
CoH3 Stats
Reddit
Sign in to upload your games and track your stats! →
Sign in with Steam
Match 42426209
Unlisted
Match 42426209
Overview
Messages
Build Orders
End
Engineer Squad
Construct Weapon Support Center
Selects Heavy Weapons
M1919 Machine Gun Team
Construct Barracks
Riflemen Squad
Construct Medical Station
Selects M2HB .50cal Heavy Machine Gun
M1 Mortar Team
Grenade Package
Engineer Squad
Bazooka Squad
Selects Assault Carriers
Mechanized Support Center
Improved M9 Bazooka Rockets
Riflemen Squad
M1918 Browning Automatic Rifles
Mortar Pit
Selects Exchangeable Parts
Construct Motor Pool
Improvised Armor
M3 Assault Carrier
Salvage Crew
Riflemen Squad
Selects Rapid Reposition
M1 Anti-tank Gun Team
M1919 Machine Gun Team
M24 Chaffee Light Tank
M3 Assault Carrier
El Cascador
Lairet
Highwaylord
gUi
BonJoviRavioli
STONEgolem
Sky Lukewalker
Kopsen
0
0
Comments
sign in to comment!
No comments posted yet!